 Dungeon Crawl Stone Soup version 0.30.1-11-g7821555f0a (webtiles) character file.

Game seed: 13538428364605211565

44 Ijustatesigmund the Digger (level 3, 0/20 HPs)
             Began as a Deep Elf Earth Elementalist on Dec 12, 2023.
             Slain by a sleepcap (10 damage)
             ... on level 3 of the Dungeon.
             The game lasted 00:02:07 (1647 turns).

Ijustatesigmund the Digger (DEEE)                   Turns: 1647, Time: 00:02:08

Health: 0/20       AC:  2    Str:  5    XL:     3   Next: 41%
Magic:  2/10       EV:  2    Int: 21    God:
Gold:   178        SH:  0    Dex: 21    Spells: 5/9 levels left

rFire   . . .        d - +0 spear
rCold   . . .        (no shield)
rNeg    . . .        a - +0 robe
rPois   .            (no helmet)
rElec   .            (no cloak)
rCorr   .            (no gloves)
SInv    .            (no boots)
Will    .....        (no amulet)
Stlth   ++           k - +6 ring of dexterity
HPRegen 0.23/turn    (no ring)
MPRegen 0.12/turn

%: no passive effects
@: sleeping
A: no striking features
a: no special abilities


You were on level 3 of the Dungeon.
You visited 1 branch of the dungeon, and saw 3 of its levels.

You collected 178 gold pieces.

Inventory:

Hand Weapons
 d - a +0 spear (weapon)
Armour
 a - a +0 robe (worn)
Jewellery
 k - a +6 ring of dexterity (left hand)
 p - a ring of fire
Scrolls
 c - a scroll of poison {unknown}
 e - 4 scrolls of identify {unknown}
 g - 2 scrolls of fog {unknown}
 i - a scroll of vulnerability {unknown}
 j - a scroll of immolation {unknown}
 l - a scroll of teleportation {unknown}
 m - a scroll of noise {unknown}
 n - a scroll of blinking {unknown}
Potions
 b - a potion of magic
 f - a potion of curing
 h - a potion of berserk rage {unknown}
 o - a potion of resistance {unknown}
 q - a potion of attraction {unknown}


   Skills:
 + Level 1.2 Fighting
 - Level 2.4 Dodging
 - Level 2.4 Stealth
 + Level 3.9 Spellcasting
 + Level 0.5 Conjurations
 - Level 1.1 Transmutations
 + Level 3.9 Earth Magic


You had 5 spell levels left.
You knew the following spells:

 Your Spells              Type           Power      Damage    Failure   Level
a - Sandblast             Erth           40%        2d10      2%          1
b - Stone Arrow           Conj/Erth      26%        3d8       14%         3

Your spell library contained the following spells:

 Spells                   Type           Power      Damage    Failure   Level
 Passwall                 Tmut/Erth      11%        N/A       7%          2
 Petrify                  Tmut/Erth      14%        N/A       41%         4


Dungeon Overview and Level Annotations

Branches:
Dungeon (3/15)

Altars:


Message History

Confirm with . or Enter, or press ? or * to list all spells.
Aiming: Sandblast (safe; 2% risk of failure)
Press: ? - help, Shift-Dir - straight line, f/p - orc
Aim: an orc, wielding a +0 club and wearing a +0 chain mail (heavily wounded, 87% to hit)
The blast of sand hits the orc.
The orc is heavily wounded.
The orc closely misses you. The orc hits you with a +0 club.
Casting: Sandblast (safe; 2% risk of failure)
Confirm with . or Enter, or press ? or * to list all spells.
Aiming: Sandblast (safe; 2% risk of failure)
Press: ? - help, Shift-Dir - straight line, f/p - orc
Aim: an orc, wielding a +0 club and wearing a +0 chain mail (heavily wounded, 87% to hit)
The blast of sand hits the orc.
You kill the orc!
Casting: Sandblast (safe; 2% risk of failure)
Confirm with . or Enter, or press ? or * to list all spells.
Aiming: Sandblast (safe; 2% risk of failure)
Press: ? - help, Shift-Dir - straight line, f - sleepcap
Aim: a sleepcap (100% to hit)
The blast of sand hits the sleepcap.
The sleepcap is lightly damaged.
The sleepcap releases spores at you.
The sleepcap releases spores at you but does no damage.
It was a potion of curing.
You feel better. The sleepcap misses you.
Casting: Sandblast (safe; 2% risk of failure)
Confirm with . or Enter, or press ? or * to list all spells.
The spell is extremely dangerous to miscast (14% risk of failure)!
Continue anyway? [Y]es or [N]o only, please.
The spell is extremely dangerous to miscast (14% risk of failure)!
Continue anyway?
Aiming: Stone Arrow (extremely dangerous; 14% risk of failure)
Press: ? - help, Shift-Dir - straight line, f/p - sleepcap
Aim: a sleepcap (lightly damaged, 100% to hit)
The stone arrow hits the sleepcap!
The sleepcap is heavily damaged.
The sleepcap releases spores at you.
You are engulfed in a cloud of soporific spores!
You fall asleep.
The sleepcap releases spores at you!
Ouch! That really hurt!
You die...

##...........#
....(........#
###..........# #########
...##...†....# #.......#
##.##....##### #.......#
#.#####.#######.......#..
#.# #..................
..# ########.........##
### ##@#####..# #f# ##
.g. ....# ...#.. .... ##)
#.... # #....


You could see a sleepcap and a goblin.

Vanquished Creatures
  An adder (D:2)
  A worm (D:3)
  A dart slug (D:2)
  An orc (D:3)
  2 bats
  An endoplasm (D:1)
  2 giant cockroaches
  A goblin (D:2)
  3 hobgoblins
  3 quokkas
  4 ball pythons
  3 frilled lizards
  4 kobolds
  3 rats
30 creatures vanquished.

Notes
Turn   | Place    | Note
-------+----------+-------------------------------------------
     0 | D:1      | Ijustatesigmund the Deep Elf Earth Elementalist began the
                  | quest for the Orb.
     0 | D:1      | Reached XP level 1. HP: 10/10 MP: 6/6
   589 | D:1      | Reached XP level 2. HP: 16/16 MP: 5/8
  1139 | D:2      | Reached skill level 1 in Fighting
  1275 | D:2      | Reached XP level 3. HP: 20/20 MP: 8/10
  1279 | D:2      | Learned a level 3 spell: Stone Arrow
  1647 | D:3      | Slain by a sleepcap

Illustrated notes

Levels and vault maps discovered:
D:1:      dpeg_arrival_orchard, layout_loops_ring, minmay_tree_intersection
D:2:      layout_loops_ring, chequers_garden, grunt_ministairs_6
D:3:      layout_basic, uniq_terence

Skill      XL: |  1  2 |
---------------+-------+-----
Fighting       | 1 |  1.2
Dodging        | |  2.4
Stealth        | |  2.4
Spellcasting   | |  3.9
Conjurations   | |  0.5
Transmutations | |  1.1
Earth Magic    | |  3.9

Action                     || total
---------------------------++-------
   Cast: Sandblast         ||    44
         Stone Arrow       ||     1
    Use: Potion            ||     1
 Armour: Robe              ||     2
  Dodge: Dodged            ||     6
